AoeStats
← leventcevahir09

Arena

507133062Analyzed
2v2 RM · 16d ago on Sep 16, 2026· 47m 32s· 4 players
Game mode
Random Map
Map size
Medium (4 player)
Population
200
Speed
Normal
Resources
Standard
Victory
Conquest
Starting age
Dark Age
Ending age
Imperial Age
RankedLock teamsTeams togetherTeam positionsShared explorationLock speedFull tech treeHidden civsTurbo modeCheats
Victory
Defeat
🇹🇷 Mongols · Türkiye
835
+16
🇹🇷 Huns · Türkiye
823
+16
🇬🇧 Mongols · United Kingdom
839
-16
🇺🇦 Slavs · Ukraine
824
-16
t.f.blanchard
10:11 Feudal Age
15:15 Castle Age
14:17 Double-Bit Axe
14:54 Horse Collar
25:50 Fletching
26:26 Bow Saw
26:08 Gold Mining
26:46 Bodkin Arrow
27:43 Ballistics
27:38 Fortified Wall
34:26 Imperial Age
32:11 Murder Holes
34:14 Masonry
35:17 Gold Shaft Mining
36:13 Chemistry
36:36 Wheelbarrow
36:57 Thumb Ring
37:18 Parthian Tactics
37:25 Bracer
38:35 Onager
39:51 Conscription
40:12 Herbal Medicine
40:32 Heavy Plow
41:03 Siege Engineers
43:47 Padded Archer Armor
43:53 Scale Barding Armor
44:39 Siege Onager
47:20 Elite Mangudai
Gluyk
0:29 Loom
10:27 Feudal Age
11:46 Wheelbarrow
11:01 Double-Bit Axe
11:07 Horse Collar
12:06 Town Watch
14:25 Stone Mining
19:40 Castle Age
17:54 Gold Mining
20:40 Hand Cart
20:27 Heavy Plow
20:41 Bow Saw
21:18 Squires
22:29 Man-at-Arms
23:29 Forging
26:15 Town Patrol
27:40 Pikeman
31:43 Imperial Age
30:52 Fortified Wall
30:40 Murder Holes
31:07 Ballistics
31:37 Gold Shaft Mining
31:41 Detinets
32:00 Padded Archer Armor
31:51 Fletching
32:37 Iron Casting
32:02 Scale Mail Armor
32:09 Scale Barding Armor
32:57 Crop Rotation
33:36 Two-Man Saw
33:47 Herbal Medicine
34:03 Redemption
34:18 Conscription
34:21 Caravan
35:35 Coinage
35:48 Hoardings
34:37 Long Swordsman
36:41 Druzhina
36:22 Two-Handed Swordsman
38:49 Chemistry
37:55 Siege Engineers
38:01 Masonry
37:56 Elite Skirmisher
39:46 Banking
38:45 Capped Ram
40:33 Siege Ram
40:34 Heavy Scorpion
43:11 Elite Boyar
44:26 Onager
45:56 Leather Archer Armor
oguzhza
10:45 Feudal Age
11:18 Double-Bit Axe
16:53 Castle Age
14:42 Horse Collar
18:17 Pikeman
18:59 Squires
18:50 Arson
26:11 Wheelbarrow
25:54 Bow Saw
25:57 Heavy Plow
26:59 Stone Mining
27:25 Caravan
29:30 Stone Shaft Mining
35:35 Imperial Age
33:20 Murder Holes
33:35 Masonry
34:09 Thumb Ring
33:25 Elite Skirmisher
34:05 Fletching
34:15 Padded Archer Armor
34:26 Forging
34:16 Scale Mail Armor
34:43 Husbandry
34:54 Bloodlines
35:21 Bodkin Arrow
35:42 Leather Archer Armor
35:57 Ballistics
37:26 Iron Casting
37:53 Chemistry
38:33 Gold Mining
38:10 Elite Mangudai
38:58 Elite Steppe Lancer
39:04 Light Cavalry
39:55 Scale Barding Armor
40:52 Blast Furnace
39:54 Bracer
40:02 Siege Engineers
42:47 Nomads
42:13 Capped Ram
44:19 Siege Ram
leventcevahir09
11:29 Feudal Age
16:07 Castle Age
14:24 Double-Bit Axe
15:25 Horse Collar
18:00 Bow Saw
19:07 Fervor
20:50 Stone Mining
23:42 Gold Mining
26:37 Husbandry
27:02 Bloodlines
27:08 Heavy Plow
30:55 Scale Barding Armor
31:02 Forging
32:16 Gold Shaft Mining
31:45 Caravan
35:36 Imperial Age
33:18 Marauders
35:11 Chain Barding Armor
35:27 Iron Casting
34:53 Padded Archer Armor
34:44 Fletching
34:55 Scale Mail Armor
34:37 Elite Skirmisher
36:30 Wheelbarrow
35:40 Town Watch
35:41 Loom
35:43 Heavy Cavalry Archer
36:48 Parthian Tactics
37:16 Thumb Ring
38:54 Plate Barding Armor
39:21 Blast Furnace
38:37 Leather Archer Armor
38:18 Bodkin Arrow
37:49 Elite Tarkan
39:56 Chemistry
39:16 Ballistics
39:07 Masonry
39:30 Hand Cart
42:25 Two-Man Saw
Connection lost

Rejoining the realm…

Still unreachable

The connection could not be restored.

Session expired

The server has moved on; the page needs a fresh start.